 Dungeon Crawl Stone Soup version 0.27.1-1-g398f81649c (webtiles) character file.

Game seed: 15388995001737338878

732 boopmooplesden the Covered (level 7, -5/60 HPs)
             Began as a Minotaur Fighter on Sept 14, 2021.
             Was an Initiate of Okawaru.
             Killed from afar by a steam dragon (8 damage)
             ... with a ball of steam
             ... on level 6 of the Dungeon.
             The game lasted 00:05:48 (4557 turns).

boopmooplesden the Covered (Minotaur Fighter)       Turns: 4557, Time: 00:05:49

Health: -5/60      AC: 11    Str: 23    XL:     7   Next: 45%
Magic:  6/6        EV:  8    Int:  5    God:    Okawaru [......]
Gold:   225        SH:  0    Dex:  9    Spells: 6/6 levels left

rFire    . . .     SeeInvis .   m - +0 quarterstaff (spect)
rCold    . . .     Faith    .   (shield currently unavailable)
rNeg     . . .     Spirit   .   q - +0 chain mail
rPois    .         Reflect  .   (helmet restricted)
rElec    .         Harm     .   (no cloak)
rCorr    +         Rampage  .   r - +0 pair of gloves
Will     .....                  (no boots)
Stlth    ..........             (no amulet)
HPRegen  0.20/turn              e - ring of resist corrosion
MPRegen  0.10/turn              (no ring)

@: no status effects
A: horns 2, retaliatory headbutt
a: Renounce Religion


You were on level 6 of the Dungeon.
You worshipped Okawaru.
Okawaru was noncommittal.
You visited 2 branches of the dungeon, and saw 7 of its levels.

You collected 225 gold pieces.

Inventory:

Hand Weapons
 a - a +0 war axe
 j - a +1 vorpal flail
 m - a +0 spectral quarterstaff (weapon)
 t - the +5 flail of Wyrd {freeze, rF+}
   (You found it on level 5 of the Dungeon)

   It freezes those it strikes, dealing additional cold damage.
   It can also slow down cold-blooded creatures.
   rF:        It protects you from fire.
Missiles
 f - a throwing net (quivered)
 k - 29 poisoned darts
Armour
 c - a +0 kite shield
 q - a +0 chain mail (worn)
 r - a +0 pair of gloves (worn)
Jewellery
 e - a ring of resist corrosion (left hand)
 h - a ring of magical power
 o - a ring of protection from cold
 v - a +4 ring of protection
Scrolls
 b - a scroll of immolation {unknown}
 g - 4 scrolls of identify
 i - a scroll of brand weapon {unknown}
 l - a scroll of enchant weapon {unknown}
 p - a scroll of teleportation {unknown}
Potions
 d - 2 potions of might
 n - 2 potions of lignification {unknown}
 s - a potion of invisibility {unknown}
 u - a potion of resistance {unknown}


   Skills:
 + Level 4.8 Fighting
 + Level 5.5 Axes
 + Level 3.2 Staves
 + Level 6.2 Armour
 + Level 1.4 Dodging
 + Level 0.2 Stealth
 + Level 5.6 Shields


You had 6 spell levels left.
You didn't know any spells.
Your spell library contained the following spells:

 Spells                   Type           Power      Damage    Failure   Level
 Magic Dart               Conj           0%         1d3       98%         1
 Call Imp                 Summ           0%         N/A       99%         2
 Mephitic Cloud           Conj/Pois/Air  0%         N/A       100%        3
 Fireball                 Conj/Fire      0%         3d3       100%        5
 Starburst                Conj/Fire      0%         6d3       100%        6
 Ignition                 Fire           0%         3d3       100%        8


Dungeon Overview and Level Annotations

Branches:
Dungeon (6/15)             Temple (1/1) D:5

Altars:
Fedhas
Okawaru
Trog
Yredelemnul
Zin


Innate Abilities, Weirdness & Mutations

You have a pair of horns on your head.
You reflexively headbutt those who attack you in melee.


Message History

The steam dragon barely misses you.
You closely miss the steam dragon. You headbutt the steam dragon!
The steam dragon is moderately wounded.
You are engulfed in a cloud of scalding steam.
The steam dragon bites you. The steam dragon claws you.
You closely miss the steam dragon. You headbutt the steam dragon.
The steam dragon is moderately wounded.
The steam dragon bites you.
The steam dragon claws you but does no damage.
You closely miss the steam dragon. You headbutt the steam dragon.
The steam dragon is heavily wounded.
The steam dragon bites you.
The steam dragon claws you but does no damage.
You hit the steam dragon but do no damage.
You headbutt the steam dragon, but do no damage.
The steam dragon is heavily wounded.
The steam dragon completely misses you.
The steam dragon claws you but does no damage.
You hit the steam dragon but do no damage.
Your headbutt misses the steam dragon.
The steam dragon is heavily wounded.
The steam dragon bites you but does no damage.
The steam dragon claws you but does no damage.
The steam dragon breathes steam at you. The ball of steam misses you.
You sock the steam dragon! Your headbutt misses the steam dragon.
The steam dragon is severely wounded.
You are engulfed in a cloud of scalding steam.
* * * LOW HITPOINT WARNING * * *
The steam dragon bites you.
* * * LOW HITPOINT WARNING * * *
The steam dragon claws you.
* * * LOW HITPOINT WARNING * * *
You hit the steam dragon. Your headbutt misses the steam dragon.
The steam dragon is severely wounded.
You are engulfed in a cloud of scalding steam.
* * * LOW HITPOINT WARNING * * *
The steam dragon breathes steam at you. The ball of steam hits you!
You die...

###### ###
#....####.# #
#....'....#..
#....####.#.# ##.
###.#####.#.#.....
#.§§§##.#.#.#..
####@#........###
#..#D#....##....
#...§.........#
##....#..###..#
#....#)......#
#....#)....###
#....#.#.#.....#
#..#.....#.#####
##.#.#####..


You could see a steam dragon (catching breath).

Vanquished Creatures
  Menkaure (D:5)
  A kobold brigand (D:5)
  2 scorpions
  A water moccasin skeleton (D:5)
  A jelly (D:5)
  A bullfrog zombie (D:5)
  An orc priest (D:5)
  2 iguanas
  An orc wizard (D:4)
  A hound skeleton (D:4)
  4 adders (D:3)
  2 ufetubi
  An adder zombie (D:5)
  A worm (D:3)
  5 dart slugs
  16 orcs
  4 ball pythons
  7 endoplasms
  4 giant cockroaches
  5 goblins
  10 hobgoblins
  10 jackals
  7 kobolds
  6 quokkas
  4 bats
  7 frilled lizards
  2 rats
107 creatures vanquished.

Vanquished Creatures (others)
  An orc wizard (D:4)
  3 plants (D:1)
4 creatures vanquished.

Grand Total: 111 creatures vanquished

Notes
Turn   | Place    | Note
-------+----------+-------------------------------------------
     0 | D:1      | boopmooplesden the Minotaur Fighter began the quest for the
                  | Orb.
     0 | D:1      | Reached XP level 1. HP: 19/19 MP: 0/0
   227 | D:1      | Reached XP level 2. HP: 24/27 MP: 1/1
   534 | D:1      | Reached skill level 4 in Armour
   893 | D:1      | Reached XP level 3. HP: 33/33 MP: 2/2
  1093 | D:2      | Found a faded altar of an unknown god.
  1652 | D:3      | Reached XP level 4. HP: 35/40 MP: 3/3
  2274 | D:4      | Noticed a scorpion
  2282 | D:4      | Killed a scorpion
  2283 | D:4      | Reached skill level 5 in Armour
  2283 | D:4      | Reached skill level 1 in Dodging
  2283 | D:4      | Reached XP level 5. HP: 15/46 MP: 4/4
  3020 | D:4      | Reached skill level 5 in Shields
  3024 | D:4      | Reached XP level 6. HP: 26/52 MP: 5/5
  3177 | D:5      | Entered Level 5 of the Dungeon
  3189 | D:5      | Noticed Menkaure
  3195 | D:5      | Killed Menkaure
  3196 | D:5      | Reached skill level 5 in Axes
  3429 | D:5      | Reached skill level 1 in Staves
  3433 | D:5      | Reached XP level 7. HP: 40/60 MP: 6/6
  3701 | D:5      | Found a staircase to the Ecumenical Temple.
  3738 | Temple   | Entered the Ecumenical Temple
  3745 | Temple   | Became a worshipper of Warmaster Okawaru
  3788 | D:5      | Reached skill level 6 in Armour
  4159 | D:5      | Identified the +5 flail of Wyrd {freeze, rF+}
  4548 | D:6      | Noticed a steam dragon
  4557 | D:6      | HP: 3/60 [steam dragon] (6)]
  4557 | D:6      | Killed from afar by a steam dragon

Illustrated notes

Levels and vault maps discovered:
D:1:      minmay_arrival_checkered_box, layout_loops_ring, serial_forest,
          infiniplex_forest_lined_2, infiniplex_forest_lined_room_3,
          infiniplex_forest_clump_double, infiniplex_forest_clump_small,
          infiniplex_forest_end_2, infiniplex_forest_end_3, minivault_27
D:2:      kennysheep_six_static_rooms, layout_basic,
          ebering_ecumenical_altar_box, grunt_decor_fettered
D:3:      layout_rooms, serial_curves, eino_curves_03, eino_curves_01
D:4:      layout_rooms
D:5:      layout_loops_corners, minmay_temple_entry_butterflies, uniq_menkaure
D:6:      layout_basic
Temple:   nicolae_temple_the_god_donut

Skill      XL: |  1  2  3  4  5  6  7 |
---------------+----------------------+-----
Armour         | 4 5 6 |  6.2
Fighting       | 4 |  4.8
Shields        | 4 5 |  5.6
Axes           | 3 4 5 |  5.5
Dodging        | 1 |  1.4
Staves         | 1 3 |  3.2
Stealth        | |  0.2

Action                   |  1- 3 |  4- 6 |  7- 9 || total
-------------------------+-------+-------+-------++-------
Melee: War axe           |    82 |    72 |       ||   154
       Headbutt          |     8 |    20 |    14 ||    42
       Quarterstaff      |       |    22 |    53 ||    75
  Use: Scroll            |     2 |       |       ||     2
 Stab: Distracted        |       |       |     1 ||     1
Armor: Scale mail        |    39 |    42 |       ||    81
       Chain mail        |       |     8 |    38 ||    46
Dodge: Dodged            |    30 |    23 |    19 ||    72
Block: Kite shield       |    52 |    44 |       ||    96
